 Dungeon Crawl Stone Soup version 0.18-a0-917-g8a3da5b (webtiles) character file.

5588 JokEr the Impaler (level 10, -6/89 HPs)
             Began as a Merfolk Fighter on Dec 26, 2015.
             Was an Elder of Okawaru.
             Mangled by a troll (13 damage)
             ... on level 8 of the Dungeon.
             The game lasted 00:26:20 (9595 turns).

JokEr the Impaler (Merfolk Fighter)                 Turns: 9595, Time: 00:26:20

Health: -6/89      AC:  4    Str: 19    XL:     10   Next: 72%
Magic:  19/19      EV:  6    Int:  7    God:    Okawaru [****..]
Gold:   280        SH: 16    Dex: 20    Spells: 0 memorised, 9 levels left

rFire  . . .     SeeInvis .     a - +1 trident (drain)
rCold  . . .     Gourm    .     h - +0 robe of Light {*Confuse rElec Regen+ Dex+5} (curse)
rNeg   . . .     Faith    .     u - +2 large shield
rPois  .         Spirit   .     t - +0 helmet
rElec  +         Dismiss  .     (no cloak)
rCorr  .         Reflect  .     (no gloves)
SustAt .         Harm     .     m - +0 pair of boots
MR     .....                    (no amulet)
Stlth  ++........               (no ring)
                                d - ring of magical power

@: not resistant to hostile enchantments, unstealthy
A: change form in water, swift swim
a: Heroism, Renounce Religion


You were on level 8 of the Dungeon.
You worshipped Okawaru.
Okawaru was greatly pleased with you.
You were not hungry.

You visited 1 branch of the dungeon, and saw 9 of its levels.

You collected 280 gold pieces.

Inventory:

Hand Weapons
 a - a +1 trident of draining (weapon)
Armour
 h - the cursed +0 robe of Light (worn) {*Confuse rElec Regen+ Dex+5}
   (You found it on level 8 of the Dungeon)

   It affects your dexterity (+5).
   It insulates you from electricity.
   It increases your rate of regeneration.
   It may confuse you when you take damage.
   It has a curse placed upon it.
 m - a +0 pair of boots (worn)
 t - a +0 helmet (worn)
 u - a +2 large shield (worn)
 D - a +0 plate armour
Jewellery
 d - a ring of magical power (left hand)
Wands
 j - a wand of hasting (2/9)
 p - a wand of fireball (6/15)
 s - a wand of frost (19/48)
 v - a wand of draining (9/15)
 z - a wand of digging (6/24)
 E - a wand of flame (13/48)
 F - a wand of confusion (25/48)
Scrolls
 f - a scroll of vulnerability {unknown}
 n - a scroll of fog
 y - a scroll of enchant weapon
 A - a scroll of teleportation
 B - 3 scrolls of blinking
 C - a scroll of recharging
Potions
 b - a potion of ambrosia
 e - a potion of degeneration {unknown}
 g - 2 potions of haste
 i - 6 potions of curing
 k - 2 potions of cancellation {unknown}
 o - a potion of mutation {unknown}
 q - 2 potions of berserk rage {unknown}
 w - a potion of brilliance {unknown}
Comestibles
 c - 3 chunks of flesh
 l - 4 meat rations
 x - 6 bread rations
 G - 5 fruits


   Skills:
 + Level 12.2 Fighting
 + Level 15.1 Polearms
 - Level 2.1 Armour
 - Level 3.0 Shields


You had 9 spell levels left.
You didn't know any spells.

Dungeon Overview and Level Annotations

Branches:
Dungeon (9/15)             Temple (0/1) D:5            Lair (0/8) D:8
    Orc (0/2) D:9

Altars:
Ashenzari
Cheibriados
Fedhas
Gozag
Makhleb
Nemelex Xobeh
Okawaru
Qazlal
Ru
Sif Muna
Yredelemnul
Zin
The Shining One

Annotations:
D:9 George's ghost, novice MfIE


Message History

You see here 2 stones.
The kobold hits you with a short sword. You block the orc's attack.
You block the orc warrior's attack. The orc hits you but does no damage.
You block the quasit's attack. The quasit completely misses you.
The quasit claws you but does no damage.
The troll bites you! The troll claws you. The troll claws you!
* * * LOW HITPOINT WARNING * * *
You climb upwards.
An orc comes into view. It is wielding a dagger.
There is a stone staircase leading down, spattered with blood here.
Drink which item? (? for menu, Esc to quit)
You feel better. The kobold closely misses you. You block the quasit's attack.
You block the quasit's attack. x2
The orc hits you but does no damage.
The orc warrior hits you with a scimitar!!
* * * LOW HITPOINT WARNING * * *
The orc hits you with a club.
* * * LOW HITPOINT WARNING * * *
The troll barely misses you. The troll claws you!
You die...

#.'.._.≈#######.##### #.#.
#.#≈#.#≈#......##...## #.#.
#.#≈≈≈≈≈#.....##.....## #.##
#.#######.....#.......# #.#
####.## #........#..._...# #.#
#.....# ########.#.......#####.##
#.....######## #.##.....##.......
#............###5T##...######.###
#..............o@K.##.##.........
#.........o.####oo...............
.................#.......###.....
#...........###..#.#####.###...##
###############..#.#.............
8##.#_#.#.#)#.#..#.##.##.####.#.#
###'#'#'#'#'#'#..#.##.##.# #....
.'...)........#..#.....#.####...#
###'#'#'#'#'#'#..#######........#


You could see a troll, an orc warrior, a quasit, 3 orcs and a kobold.

Vanquished Creatures
  A spriggan (D:7)
  2 yaks (D:8)
  A hippogriff (D:8)
  Menkaure (D:7)
  A water moccasin (D:6)
  Duvessa (D:4)
  2 sky beasts (D:6)
  A phantom (D:8)
  4 ice beasts
  4 orc warriors
  3 ogres (D:8)
  2 black bears
  3 centaurs
  3 necrophages
  2 big kobolds (D:9)
  A crocodile (D:8)
  4 giant frogs
  A gnoll sergeant (D:8)
  An elf zombie (D:5)
  2 elf skeletons (D:5)
  Dowan (D:4)
  8 scorpions
  4 wights (D:8)
  3 crimson imps
  A centaur zombie (D:5)
  5 human zombies
  A quasit (D:6)
  A giant frog zombie (D:5)
  4 orc priests
  A centaur skeleton (D:4)
  2 jellies
  A hound (D:7)
  8 orc wizards
  A worker ant (D:8)
  3 human skeletons
  3 iguanas (D:7)
  An ogre zombie (D:8)
  2 hound zombies
  A hound skeleton (D:7)
  A worker ant zombie (D:8)
  A mummy (D:8)
  7 gnolls
  3 river rats (D:8)
  8 adders
  2 shadow imps
  2 adder skeletons
  2 worms
  4 giant geckos
  37 orcs
  4 ball pythons
  14 hobgoblins
  12 jackals
  2 quokkas
  26 bats
  7 giant cockroaches
  3 giant newts
  5 goblins
  12 kobolds
  4 orc skeletons (D:5)
  2 orc zombies (D:5)
  A quokka zombie (D:6)
  15 rats
265 creatures vanquished.

Vanquished Creatures (others)
  22 fungi (D:8)
  5 plants (D:8)
27 creatures vanquished.

Grand Total: 292 creatures vanquished

Notes
Turn   | Place    | Note
--------------------------------------------------------------
     0 | D:1      | JokEr the Merfolk Fighter began the quest for the Orb.
     0 | D:1      | Reached XP level 1. HP: 18/18 MP: 1/1
    71 | D:1      | Reached XP level 2. HP: 16/24 MP: 2/2
   335 | D:1      | Reached skill level 4 in Polearms
   367 | D:1      | Reached XP level 3. HP: 28/30 MP: 3/3
   958 | D:2      | Found a glowing golden altar of the Shining One.
  1132 | D:2      | Reached XP level 4. HP: 38/38 MP: 4/4
  1633 | D:3      | Reached skill level 5 in Polearms
  1796 | D:3      | Reached XP level 5. HP: 24/43 MP: 5/5
  2145 | D:3      | Found a blossoming altar of Fedhas.
  2146 | D:3      | Found a burning altar of Makhleb.
  2272 | D:4      | Reached skill level 5 in Fighting
  2272 | D:4      | Reached skill level 6 in Polearms
  2485 | D:4      | Found an iron altar of Okawaru.
  2496 | D:4      | Became a worshipper of Warmaster Okawaru
  2518 | D:4      | Noticed Duvessa
  2518 | D:4      | Noticed Dowan
  2546 | D:4      | Killed Duvessa
  2546 | D:4      | Reached XP level 6. HP: 40/52 MP: 6/6
  2565 | D:4      | Killed Dowan
  2565 | D:4      | Reached skill level 7 in Polearms
  2826 | D:4      | Reached * piety under Okawaru
  3115 | D:4      | Reached XP level 7. HP: 57/59 MP: 7/7
  3324 | D:4      | Reached skill level 8 in Polearms
  3904 | D:5      | Entered Level 5 of the Dungeon
  4189 | D:5      | Found a staircase to the Ecumenical Temple.
  4301 | D:5      | Found Sawk's Gadget Shop.
  4612 | D:5      | Reached skill level 9 in Polearms
  4614 | D:5      | Found a sand-covered staircase.
  4655 | D:5      | Reached XP level 8. HP: 29/67 MP: 8/8
  5239 | D:6      | Reached ** piety under Okawaru
  5239 | D:6      | Reached skill level 10 in Polearms
  5988 | D:6      | Reached skill level 11 in Polearms
  6013 | D:6      | Reached XP level 9. HP: 76/76 MP: 9/9
  6555 | D:7      | Reached *** piety under Okawaru
  6555 | D:7      | Reached skill level 12 in Polearms
  6579 | D:7      | Found a burning altar of Makhleb.
  6630 | D:7      | Found a sparkling altar of Nemelex Xobeh.
  6682 | D:7      | Reached skill level 10 in Fighting
  6717 | D:7      | Received a gift from Okawaru
  7024 | D:7      | Found a glowing silver altar of Zin.
  7397 | D:7      | Noticed Menkaure
  7410 | D:7      | Killed Menkaure
  7442 | D:8      | Reached skill level 13 in Polearms
  7567 | D:8      | Found a shattered altar of Ashenzari.
  7645 | D:8      | Reached XP level 10. HP: 48/87 MP: 10/10
  7699 | D:8      | Reached **** piety under Okawaru
  7711 | D:8      | Got an ancient robe
  7723 | D:8      | Identified the cursed +0 robe of Light {*Confuse rElec Regen+ Dex+5} (You found it on level 8 of the Dungeon)
  7780 | D:8      | Found a snail-covered altar of Cheibriados.
  7903 | D:8      | Found a sacrificial altar of Ru.
  8058 | D:8      | Found a basalt altar of Yredelemnul.
  8129 | D:8      | Reached skill level 14 in Polearms
  8264 | D:8      | Found a stormy altar of Qazlal.
  8575 | D:8      | Found a deep blue altar of Sif Muna.
  8625 | D:8      | Found a staircase to the Lair.
  8677 | D:8      | Reached ***** piety under Okawaru
  8829 | D:8      | Found an opulent altar of Gozag.
  8959 | D:9      | Found a staircase to the Orcish Mines.
  9044 | D:9      | Reached skill level 15 in Polearms
  9092 | D:9      | Noticed George's ghost (novice MfIE)
  9595 | D:8      | Mangled by a troll

Vault maps used:
D:1:      eino_arrival_tree_alley
D:2:      tso_metal_star, minmay_misc_feat_ornament
D:3:      gammafunk_temple_overflow_statue
D:4:      first_bread, grunt_decor_fettered, okawaru_gym_becter, uniq_duvessa
D:5:      minmay_temple_entry_overgrown, serial_shops, shop,
          nicolae_ossuary_entry_catacombs, hangedman_decor_push
D:7:      zin_treasury, nemelex_deck, the_bakery, makhleb_blood_cavern_becter,
          uniq_menkaure
D:8:      old_forge, lemuel_round_altar, nicolae_overflow_crystal_walls,
          lemuel_mausoleum_altar_yredelemnul, nicolae_overflow_hidden_temple,
          kennysheep_little_box, nicolae_ru_the_path_less_chosen,
          grunt_lair_entry_orc_guard_hut, basic_altar
D:9:      lemuel_doored_altar, grunt_dithmenos_smoke_and_mirrors,
          old_standard_altar, orc_0_dummy

Action                   |  1- 3 |  4- 6 |  7- 9 | 10-12 || total
-------------------------+-------+-------+-------+-------++-------
Melee: Trident           |   156 |   225 |   612 |   343 ||  1336
Invok: Heroism           |       |       |       |     3 ||     3
  Use: Scroll            |     4 |     3 |     8 |     4 ||    19
       Potion            |       |     1 |       |     2 ||     3
 Stab: Sleeping          |       |       |       |     5 ||     5
  Eat: Chunk             |     1 |     2 |     6 |     6 ||    15
       Bread ration      |       |     1 |     1 |       ||     2
       Meat ration       |       |       |     1 |       ||     1
       Pizza             |       |       |       |     1 ||     1
